 Dungeon Crawl Stone Soup version 0.29-a0-506-ga2e7fffb44 (webtiles) character file.

Game seed: 9103647381081087958

4456 YayAnonymity the Blocker (level 10, 0/82 HPs)
             Began as a Gnoll Fighter on May 28, 2022.
             Slain by a yak (2 damage)
             ... on level 8 of the Dungeon on May 29, 2022.
             The game lasted 00:11:54 (9500 turns).

YayAnonymity the Blocker (Gnoll Fighter)            Turns: 9500, Time: 00:11:54

Health: 0/82       AC: 12    Str: 21    XL:     10   Next: 37%
Magic:  17/17      EV: 13    Int:  9    God:
Gold:   417        SH:  6    Dex: 16    Spells: 19/19 levels left

rFire   . . .      SeeInvis +   a - +0 trident (vamp)
rCold   + . .      Faith    .   c - +0 buckler
rNeg    . . .      Spirit   .   n - +3 ring mail "Oppetege" {Str+3 Dex+4}
rPois   .          Reflect  .   (no helmet)
rElec   .          Harm     .   g - +1 cloak
rCorr   +          Rampage  .   (no gloves)
Will    .....                   (no boots)
Stlth   ++........              j - amulet of the acrobat
HPRegen 0.23/turn               r - ring "Efoeck" {rCorr SInv}
MPRegen 0.15/turn               i - ring of protection from cold

@: no status effects
A: fangs 1, strong nose, distributed training
a: no special abilities


You were on level 8 of the Dungeon.
You visited 2 branches of the dungeon, and saw 9 of its levels.
You also visited: Ossuary.

You collected 417 gold pieces.

Inventory:

Hand Weapons
 a - a +0 vampiric trident (weapon)
Missiles
 u - 15 poisoned darts (quivered)
Armour
 c - a +0 buckler (worn)
 g - a +1 cloak (worn)
 n - the +3 ring mail "Oppetege" (worn) {Str+3 Dex+4}
   (You found it on level 6 of the Dungeon)

   Str:       It affects your strength (+3).
   Dex:       It affects your dexterity (+4).
Jewellery
 i - a ring of protection from cold (right hand)
 j - an amulet of the acrobat (around neck)
 r - the ring "Efoeck" (left hand) {rCorr SInv}
   (You found it on level 2 of the Dungeon)

   [ring of resist corrosion]

   SInv:      It lets you see invisible.
   rCorr:     It protects you from acid and corrosion.
 v - a ring of protection from cold
 D - the ring of Duikax {+Blink rC+ rCorr Dex+5 Stlth+}
   (You found it on level 8 of the Dungeon)

   [ring of protection from cold]

   Dex:       It affects your dexterity (+5).
   rC:        It protects you from cold.
   +Blink:    It lets you blink.
   rCorr:     It protects you from acid and corrosion.
   Stlth:     It makes you more stealthy.
Wands
 b - a wand of flame (1)
 e - a wand of acid (13)
 w - a wand of polymorph (8)
 E - a wand of iceblast (9)
Scrolls
 f - a scroll of fear
 h - a scroll of magic mapping
 o - 4 scrolls of teleportation
 s - 5 scrolls of enchant armour
 t - a scroll of amnesia
 x - 2 scrolls of blinking
 y - a scroll of identify
 B - a scroll of fog
Potions
 d - a potion of might
 k - 10 potions of curing
 l - 3 potions of berserk rage
 m - a potion of invisibility
 p - 2 potions of flight
 q - a potion of lignification
 z - a potion of ambrosia
 A - 2 potions of magic
 C - a potion of attraction


   Skills:
 + Level 8.5 Fighting
 + Level 5.2 Short Blades
 + Level 5.2 Long Blades
 + Level 5.2 Axes
 + Level 5.2 Maces & Flails
 + Level 7.0 Polearms
 + Level 5.2 Staves
 + Level 5.2 Slings
 + Level 5.2 Bows
 + Level 5.2 Crossbows
 + Level 5.2 Throwing
 + Level 8.5 Armour
 + Level 5.2 Dodging
 + Level 5.2 Stealth
 + Level 8.5 Shields
 + Level 5.2 Unarmed Combat
 + Level 5.2 Spellcasting
 + Level 4.3 Conjurations
 + Level 4.3 Hexes
 + Level 4.3 Summonings
 + Level 4.3 Necromancy
 + Level 4.3 Translocations
 + Level 4.3 Transmutations
 + Level 4.3 Fire Magic
 + Level 4.3 Ice Magic
 + Level 4.3 Air Magic
 + Level 4.3 Earth Magic
 + Level 4.3 Poison Magic
 + Level 5.7 Invocations
 + Level 5.2 Evocations


You had 19 spell levels left.
You didn't know any spells.
Your spell library contained the following spells:

 Spells                   Type           Power      Damage    Failure   Level
 Beastly Appendage        Tmut           20%        N/A       8%          1
 Magic Dart               Conj           40%        1d5       8%          1
 Blink                    Tloc           20%        N/A       12%         2
 Call Imp                 Summ           10%        N/A       12%         2
 Lesser Beckoning         Tloc           10%        N/A       24%         3
 Mephitic Cloud           Conj/Pois/Air  10%        N/A       24%         3
 Irradiate                Conj/Tmut      5%         3d15      91%         5
 Manifold Assault         Tloc           10%        N/A       91%         5
 Yara's Violent Unravell  Hex/Tmut       5%         3d4       91%         5
 Iron Shot                Conj/Erth      5%         9d2       100%        6


Dungeon Overview and Level Annotations

Branches:
Dungeon (8/15)             Temple (1/1) D:7         Ossuary (visited)
   Lair: D:8-11

Altars:
Ashenzari
Cheibriados
Dithmenos
Elyvilon
Fedhas
Gozag
Hepliaklqana
Kikubaaqudgha
Makhleb
Nemelex Xobeh
Qazlal
Ru
Trog
Uskayaw
Wu Jian
Xom
Yredelemnul
Zin
The Shining One

Shops:
D:7 (=(


Innate Abilities, Weirdness & Mutations

You have very sharp teeth.
Your uncanny sense of smell can sniff out nearby items.
Your experience applies equally to all skills.


Message History

You hit the yak.
You feel better.
You kill the yak!
The yak gores you but does no damage.
You barely miss the yak. The yak completely misses you.
You block the yak's attack.
You barely miss the yak. You bite the yak, but do no damage.
The yak barely misses you. x2
You puncture the yak!
You feel better.
You bite the yak, but do no damage.
The yak is lightly wounded.
The yak barely misses you. The yak gores you.
* * * LOW HITPOINT WARNING * * *
You hit the yak.
You feel better.
The yak is moderately wounded.
The yak gores you but does no damage. The yak gores you.
* * * LOW HITPOINT WARNING * * *
You closely miss the yak. Your bite misses the yak.
The yak is moderately wounded.
You block the yak's attack. x2
You puncture the yak!
You feel better.
The yak is heavily wounded.
The yak completely misses you. x2
You hit the yak.
The yak is heavily wounded.
The yak completely misses you. The yak gores you!
* * * LOW HITPOINT WARNING * * *
You hit the yak but do no damage.
The yak is heavily wounded.
The yak gores you!
* * * LOW HITPOINT WARNING * * *
You block the yak's attack.
You puncture the yak!
You feel better.
The yak is almost dead.
The yak gores you.
* * * LOW HITPOINT WARNING * * *
The yak gores you.
* * * LOW HITPOINT WARNING * * *
You hit the yak.
The yak is almost dead.
The yak gores you.
You die...

.....#...#......#.......#.#.##.##
.....#...#......#.......#.#.#...#
+######+######'##............._..
......[...........#######.#.#...#
..................#....##.#.##.##
..................#....##.#......
..................#....##.####.##
..................#....##=.......
................@Y##'#########.##
...########+##+##Y......#...##...
...'...# .....$.#Y......#........
...#...# >..Y.YY#.......#........
...#...# .......#.......#........
...#...# .....YY'.......#........
...#...# .......#.......#........
...#...# .......#.......#........
...##### ########.....).#########


You could see 3 yaks.

Vanquished Creatures
  Pikel (D:4)
  7 yaks
  A steam dragon (D:8)
  An acid dragon (D:6)
  An orc warrior (D:6)
  2 sky beasts (D:8)
  An ice beast (D:8)
  A black bear (D:5)
  An ogre (D:6)
  A centaur (D:5)
  A lemure (D:4)
  A phantom (D:6)
  A kobold brigand (D:6)
  6 elf zombies (Ossuary)
  4 bullfrogs
  A scorpion (D:6)
  4 killer bees (D:8)
  4 howler monkeys
  3 centaur zombies (Ossuary)
  An iron imp (D:5)
  5 hounds
  2 jellies
  3 human zombies (Ossuary)
  4 orc wizards
  An iguana (D:6)
  3 mummies (Ossuary)
  10 adders
  4 gnolls
  2 ufetubi
  A worm (D:3)
  A dart slug (D:3)
  13 orcs
  8 ball pythons
  5 endoplasms
  3 giant cockroaches
  12 goblins
  6 hobgoblins
  6 jackals
  4 quokkas
  9 bats
  2 frilled lizards
  13 kobolds
  3 rats
163 creatures vanquished.

Notes
Turn   | Place    | Note
-------+----------+-------------------------------------------
     0 | D:1      | YayAnonymity the Gnoll Fighter began the quest for the Orb.
     0 | D:1      | Reached XP level 1. HP: 23/23 MP: 1/1
    69 | D:1      | Reached XP level 2. HP: 28/29 MP: 2/2
   334 | D:1      | Found a faded altar of an unknown god.
   753 | D:2      | Reached XP level 3. HP: 34/35 MP: 3/3
   871 | D:2      | Reached skill level 1 in Invocations
   881 | D:2      | Identified the ring "Efoeck" {rCorr SInv}
   989 | D:2      | Reached skill level 1 in Short Blades
   989 | D:2      | Reached skill level 1 in Long Blades
   989 | D:2      | Reached skill level 1 in Axes
   989 | D:2      | Reached skill level 1 in Maces & Flails
   989 | D:2      | Reached skill level 1 in Staves
   989 | D:2      | Reached skill level 1 in Slings
   989 | D:2      | Reached skill level 1 in Bows
   989 | D:2      | Reached skill level 1 in Crossbows
   989 | D:2      | Reached skill level 1 in Throwing
   989 | D:2      | Reached skill level 1 in Dodging
   989 | D:2      | Reached skill level 1 in Stealth
   989 | D:2      | Reached skill level 1 in Unarmed Combat
   989 | D:2      | Reached skill level 1 in Spellcasting
   989 | D:2      | Reached skill level 1 in Evocations
   989 | D:2      | Reached XP level 4. HP: 41/41 MP: 5/5
  1818 | D:3      | Reached skill level 1 in Conjurations
  1818 | D:3      | Reached skill level 1 in Hexes
  1818 | D:3      | Reached skill level 1 in Summonings
  1818 | D:3      | Reached skill level 1 in Necromancy
  1818 | D:3      | Reached skill level 1 in Translocations
  1818 | D:3      | Reached skill level 1 in Transmutations
  1818 | D:3      | Reached skill level 1 in Fire Magic
  1818 | D:3      | Reached skill level 1 in Ice Magic
  1818 | D:3      | Reached skill level 1 in Air Magic
  1818 | D:3      | Reached skill level 1 in Earth Magic
  1818 | D:3      | Reached skill level 1 in Poison Magic
  1972 | D:3      | Found a bloodstained altar of Trog.
  1991 | D:3      | Reached XP level 5. HP: 47/47 MP: 6/6
  3037 | D:4      | Identified the +2 leather armour "Tesoom" {rF+ rCorr Dex+4}
  3261 | D:4      | Reached XP level 6. HP: 35/53 MP: 8/8
  3507 | D:4      | Found an opulent altar of Gozag.
  3516 | D:4      | Reached skill level 5 in Polearms
  3516 | D:4      | Found a basalt altar of Yredelemnul.
  3691 | D:4      | Noticed Pikel
  3787 | D:4      | Killed Pikel
  3788 | D:4      | Reached XP level 7. HP: 33/60 MP: 8/11
  3922 | D:4      | Got Sif Muna's Catalogue of Earthen Changing
  4375 | D:5      | Entered Level 5 of the Dungeon
  4424 | D:5      | Found a snail-covered altar of Cheibriados.
  4434 | D:5      | Reached XP level 8. HP: 59/67 MP: 12/12
  4491 | D:5      | Found a white marble altar of Elyvilon.
  5985 | D:6      | Identified the +3 ring mail "Oppetege" {Str+3 Dex+4}
  6192 | D:6      | Found a stormy altar of Qazlal.
  6200 | D:6      | Noticed a water elemental
  6200 | D:6      | Noticed an air elemental
  6522 | D:6      | Reached XP level 9. HP: 12/72 MP: 14/14
  6878 | D:7      | Found Zagy's Antique Weapon Shop.
  7035 | D:7      | Found a hide-covered altar of Uskayaw.
  7083 | D:7      | Found Ygein's Jewellery Shoppe.
  7234 | D:7      | Found Uklufara's Weapon Boutique.
  7404 | D:7      | Found a staircase to the Ecumenical Temple.
  7413 | Temple   | Entered the Ecumenical Temple
  7735 | D:8      | Found a sand-covered staircase.
  7742 | Ossuary  | Entered an ossuary
  8241 | Ossuary  | Reached skill level 5 in Invocations
  8429 | D:7      | Reached XP level 10. HP: 25/80 MP: 17/17
  8689 | D:8      | Reached skill level 5 in Short Blades
  8689 | D:8      | Reached skill level 5 in Long Blades
  8689 | D:8      | Reached skill level 5 in Axes
  8689 | D:8      | Reached skill level 5 in Maces & Flails
  8689 | D:8      | Reached skill level 5 in Staves
  8689 | D:8      | Reached skill level 5 in Slings
  8689 | D:8      | Reached skill level 5 in Bows
  8689 | D:8      | Reached skill level 5 in Crossbows
  8689 | D:8      | Reached skill level 5 in Throwing
  8689 | D:8      | Reached skill level 5 in Dodging
  8689 | D:8      | Reached skill level 5 in Stealth
  8689 | D:8      | Reached skill level 5 in Unarmed Combat
  8689 | D:8      | Reached skill level 5 in Spellcasting
  8689 | D:8      | Reached skill level 5 in Evocations
  8930 | D:8      | Identified the ring of Duikax {+Blink rC+ rCorr Dex+5
                  | Stlth+}
  9217 | D:8      | Found a sacrificial altar of Ru.
  9499 | D:8      | HP: 1/82 [yak (6)]
  9500 | D:8      | Slain by a yak

Illustrated notes

Levels and vault maps discovered:
D:1:      mrwooster_arrival_statue_2, layout_rooms,
          dreamdust_ecumenical_altar_statues, grunt_decor_junction
D:2:      layout_basic
D:3:      wad_river_or_something, layout_loops_ring,
          mainiacjoe_overflow_small_starburst
D:4:      layout_loops_ring, mainiacjoe_overflow_catwalk_spiral,
          feat_on_display, uniq_pikel
D:5:      layout_loops_ring, mainiacjoe_overflow_paths, slow_altar_2,
          cheibrodos_gnoll_hut
D:6:      layout_loops_ring, nicolae_qazlal_style_of_elements,
          kennysheep_generic_room_8
D:7:      layout_rooms, eat_drink_and_be_merry_uskayaw,
          lemuel_temple_firewalk_a, serial_shops, kennysheep_mini, shop, shop
D:8:      layout_gridville, nicolae_ru_sacrificial_ziggurat,
          chequers_ossuary_entry_cave
Temple:   minmay_temple_curvy_loop

Skill      XL: |  1  2  3  4  5  6  7  8  9 10 |
---------------+-------------------------------+-----
Invocations    | 1 2 3 4 5 |  5.7
Short Blades   | 1 2 3 4 5 |  5.2
Long Blades    | 1 2 3 4 5 |  5.2
Axes           | 1 2 3 4 5 |  5.2
Maces & Flails | 1 2 3 4 5 |  5.2
Staves         | 1 2 3 4 5 |  5.2
Slings         | 1 2 3 4 5 |  5.2
Bows           | 1 2 3 4 5 |  5.2
Crossbows      | 1 2 3 4 5 |  5.2
Throwing       | 1 2 3 4 5 |  5.2
Dodging        | 1 2 3 4 5 |  5.2
Stealth        | 1 2 3 4 5 |  5.2
Unarmed Combat | 1 2 3 4 5 |  5.2
Spellcasting   | 1 2 3 4 5 |  5.2
Evocations     | 1 2 3 4 5 |  5.2
Conjurations   | 1 2 3 4 |  4.3
Hexes          | 1 2 3 4 |  4.3
Summonings     | 1 2 3 4 |  4.3
Necromancy     | 1 2 3 4 |  4.3
Translocations | 1 2 3 4 |  4.3
Transmutations | 1 2 3 4 |  4.3
Fire Magic     | 1 2 3 4 |  4.3
Ice Magic      | 1 2 3 4 |  4.3
Air Magic      | 1 2 3 4 |  4.3
Earth Magic    | 1 2 3 4 |  4.3
Poison Magic   | 1 2 3 4 |  4.3
Polearms       | 5 6 7 |  7.0
Fighting       | 7 8 |  8.5
Armour         | 7 8 |  8.5
Shields        | 7 8 |  8.5

Action                   |  1- 3 |  4- 6 |  7- 9 | 10-12 || total
-------------------------+-------+-------+-------+-------++-------
Melee: Trident           |   101 |   285 |   507 |   159 ||  1052
       Bite              |     4 |    25 |    70 |    21 ||   120
  Use: Scroll            |       |     8 |    14 |       ||    22
       Potion            |       |     1 |     1 |       ||     2
 Stab: Sleeping          |       |     1 |     2 |     1 ||     4
Armor: Scale mail        |    35 |    69 |       |       ||   104
       Leather armour    |       |    22 |    54 |       ||    76
       Ring mail         |       |       |   121 |    53 ||   174
Dodge: Dodged            |    33 |    93 |   269 |    80 ||   475
Block: Buckler           |    13 |    58 |   136 |    51 ||   258

Table legend: (Time is in decaauts)
 A = Elapsed time spent in this place.
 B = Non-inter-level travel time spent in this place.
 C = Inter-level travel time spent in this place.
 D = Time resting spent in this place.
 E = Time spent auto-exploring this place.
 F = Levels seen in this place.
 G = Mean time per level.
                   A        B        C        D        E       F      G
               +--------+--------+--------+--------+--------+-----+--------+
         Total |   9560 |   9155 |    405 |    526 |   6579 |  10 |  956.0 |
       Dungeon |   8791 |   8409 |    382 |    526 |   6076 |   8 | 1098.9 |
        Temple |    216 |    193 |     23 |      0 |    188 |   1 |  216.0 |
       Ossuary |    552 |    552 |      0 |      0 |    315 |   1 |  552.0 |
               +--------+--------+--------+--------+--------+-----+--------+

Top non-repeatable levels by time:
     D:3: 1446 daAuts
     D:4: 1387 daAuts
     D:6: 1318 daAuts
     D:5: 1297 daAuts
     D:2: 1028 daAuts
     D:8: 1015 daAuts
     D:7: 741 daAuts
     D:1: 557 daAuts
 Ossuary: 552 daAuts
  Temple: 216 daAuts
